 Dungeon Crawl Stone Soup version 0.30.0-29-ga12c61a403 (webtiles) character file.

Game seed: 11866444730744047231

46 GimliDwarf the Protected (level 3, -3/31 HPs)
             Began as a Gnoll Wanderer on June 15, 2023.
             Was a Believer of Cheibriados.
             Slain by a gnoll
             ... wielding a +0 halberd
              (7 damage)
             ... on level 3 of the Dungeon.
             The game lasted 00:03:26 (1465 turns).

GimliDwarf the Protected (Gnoll Wanderer)           Turns: 1465, Time: 00:03:26

Health: -3/31      AC:  8    Str: 19    XL:     3   Next: 68%
Magic:  2/4        EV: 10    Int: 12    God:    Cheibriados [**....]
Gold:   65         SH:  0    Dex: 19    Spells: 4/4 levels left

rFire   . . .        a - +2 falchion
rCold   . . .        (no shield)
rNeg    . . .        c - +0 scale mail
rPois   .            (no helmet)
rElec   .            (no cloak)
rCorr   .            (no gloves)
SInv    .            (no boots)
Will    .....        (no amulet)
Stlth   +            (no ring)
HPRegen 0.25/turn    (no ring)
MPRegen 0.09/turn

%: no passive effects
@: very slow
A: fangs 1, strong nose, distributed training
a: Renounce Religion, Bend Time


You were on level 3 of the Dungeon.
You worshipped Cheibriados.
Cheibriados was pleased with you.
You visited 1 branch of the dungeon, and saw 4 of its levels.

You collected 65 gold pieces.

Inventory:

Hand Weapons
 a - a +2 falchion (weapon)
 b - a +0 short sword
Missiles
 l - 3 javelins (quivered)
Armour
 c - a +0 scale mail (worn)
Jewellery
 m - a ring of fire
Scrolls
 f - a scroll of blinking {unknown}
 g - 4 scrolls of identify {unknown}
 h - a scroll of enchant armour {unknown}
 j - 2 scrolls of noise {unknown}
 n - a scroll of teleportation {unknown}
Potions
 d - a potion of curing
 e - a potion of heal wounds {unknown}
 i - a potion of haste {unknown}
 k - a potion of mutation {unknown}


   Skills:
 + Level 4.6 Fighting
 + Level 2.6 Short Blades
 + Level 4.6 Long Blades
 + Level 1.0 Axes
 + Level 1.0 Maces & Flails
 + Level 1.0 Polearms
 + Level 1.0 Staves
 + Level 1.0 Ranged Weapons
 + Level 1.0 Throwing
 + Level 10.4 Armour
 + Level 1.0 Dodging
 + Level 1.0 Stealth
 + Level 1.0 Shields
 + Level 1.0 Unarmed Combat
 + Level 1.0 Spellcasting
 + Level 0.7 Conjurations
 + Level 0.7 Hexes
 + Level 0.7 Summonings
 + Level 0.7 Necromancy
 + Level 0.7 Translocations
 + Level 0.7 Transmutations
 + Level 0.7 Fire Magic
 + Level 0.7 Ice Magic
 + Level 0.7 Air Magic
 + Level 0.7 Earth Magic
 + Level 0.7 Poison Magic
 + Level 1.0 Invocations
 + Level 1.0 Evocations


You had 4 spell levels left.
You didn't know any spells.
Your spell library contained the following spells:

 Spells                   Type           Power      Damage    Failure   Level
 Gell's Gravitas          Tloc           2%         N/A       86%         3
 Teleport Other           Tloc           2%         N/A       86%         3
 Dispersal                Tloc           1%         N/A       100%        6


Dungeon Overview and Level Annotations

Branches:
Dungeon (4/15)             Temple (0/1) D:4

Altars:
Cheibriados


Innate Abilities, Weirdness & Mutations

You have very sharp teeth.
Your uncanny sense of smell can sniff out nearby items.
Your experience applies equally to all skills.


Message History

Your Throwing skill increases to level 1!
Your Dodging skill increases to level 1!
Your Stealth skill increases to level 1!
Your Shields skill increases to level 1!
Your Unarmed Combat skill increases to level 1!
Your Spellcasting skill increases to level 1!
Your Evocations skill increases to level 1!
Items here: )))) [ ††††.
There is a stone staircase leading up here.
You climb upwards.
The ball python hisses angrily.
You hear a shout!
There is a stone staircase leading down here.
Found a club.
A gnoll comes into view. It is wielding a +0 club.
The ball python bites you but does no damage.
The ball python grabs you. The ball python constricts you.
The ball python barely misses you. The ball python constricts you.
You hit the ball python.
You kill the ball python!
Cheibriados thoroughly appreciates the change of pace.
The flow of time bends around you.
A gnoll comes into view. It is wielding a +0 halberd.
The gnoll shouts!
You hear a shout!
You hear an angry hiss.
The gnoll hits you with a +0 club. The gnoll hits you but does no damage.
You hit the gnoll.
The gnoll is lightly wounded.
The gnoll barely misses you.
You barely miss the gnoll.
The gnoll is lightly wounded.
The gnoll hits you with a +0 club!
A gnoll comes into view. It is wielding a +0 club.
You hit the gnoll.
The gnoll is lightly wounded.
The gnoll hits you with a +0 club. The gnoll attacks as you move away!
The gnoll hits you with a +0 club. x2
The gnoll barely misses you. The gnoll hits you but does no damage.
The gnoll hits you with a +0 club.
* * * LOW HITPOINT WARNING * * *
The gnoll hits you from afar with a +0 halberd!
You die...

##)...........
.............
##...........
#>...........
#............
#............
#...g........
#...g........
##.@..g......
##..........
#........##
#.##.##### ...
.# ..# .# ..#
....


You could see 3 gnolls.

Vanquished Creatures
  3 dart slugs
  4 orcs (D:4)
  5 ball pythons
  3 endoplasms (D:1)
  2 giant cockroaches (D:1)
  3 goblins
  A hobgoblin (D:2)
  4 jackals (D:1)
  3 kobolds (D:2)
  2 frilled lizards
  3 rats
33 creatures vanquished.

Notes
Turn   | Place    | Note
-------+----------+-------------------------------------------
     0 | D:1      | Reached skill level 10 in Armour
     0 | D:1      | GimliDwarf the Gnoll Wanderer began the quest for the Orb.
     0 | D:1      | GimliDwarf set off with the following items: a +2 falchion,
                  | a +0 short sword, a +0 scale mail, a potion of curing.
     0 | D:1      | Reached XP level 1. HP: 20/20 MP: 1/1
   106 | D:1      | Found a faded altar of an unknown god.
   116 | D:1      | Reached XP level 2. HP: 26/26 MP: 2/2
   127 | D:1      | Prayed at the altar of an unknown god.
   127 | D:1      | Became a worshipper of Cheibriados the Contemplative
   127 | D:1      | Reached * piety under Cheibriados
   775 | D:2      | Reached XP level 3. HP: 31/31 MP: 3/3
   809 | D:2      | Reached ** piety under Cheibriados
  1328 | D:2      | You fall into a shaft and drop 2 floors!
  1344 | D:4      | Reached skill level 1 in Invocations
  1417 | D:4      | Found a staircase to the Ecumenical Temple.
  1445 | D:4      | Reached skill level 1 in Axes
  1445 | D:4      | Reached skill level 1 in Maces & Flails
  1445 | D:4      | Reached skill level 1 in Polearms
  1445 | D:4      | Reached skill level 1 in Staves
  1445 | D:4      | Reached skill level 1 in Ranged Weapons
  1445 | D:4      | Reached skill level 1 in Throwing
  1445 | D:4      | Reached skill level 1 in Dodging
  1445 | D:4      | Reached skill level 1 in Stealth
  1445 | D:4      | Reached skill level 1 in Shields
  1445 | D:4      | Reached skill level 1 in Unarmed Combat
  1445 | D:4      | Reached skill level 1 in Spellcasting
  1445 | D:4      | Reached skill level 1 in Evocations
  1465 | D:3      | Slain by a gnoll

Illustrated notes

Levels and vault maps discovered:
D:1:      saegor_arrival_simple_a, layout_basic,
          hellmonk_ecumenical_altar_defaced_shrine
D:2:      minmay_diamond_boxcup, layout_loops_corners, uniq_terence,
          uniq_sigmund
D:3:      layout_rooms, lemuel_crystal_altar, serial_shops,
          nicolae_shop_back_alley_shop, nicolae_eternal_life
D:4:      layout_basic, minmay_temple_entry_crystal_x, portal_sewer_entry_d,
          kennysheep_generic_room_12

Skill      XL: |  1  2  3 |
---------------+----------+-----
Armour         | | 10.4
Invocations    | 1 |  1.0
Axes           | 1 |  1.0
Maces & Flails | 1 |  1.0
Polearms       | 1 |  1.0
Staves         | 1 |  1.0
Ranged Weapons | 1 |  1.0
Throwing       | 1 |  1.0
Dodging        | 1 |  1.0
Stealth        | 1 |  1.0
Shields        | 1 |  1.0
Unarmed Combat | 1 |  1.0
Spellcasting   | 1 |  1.0
Evocations     | 1 |  1.0
Fighting       | |  4.6
Short Blades   | |  2.6
Long Blades    | |  4.6
Conjurations   | |  0.7
Hexes          | |  0.7
Summonings     | |  0.7
Necromancy     | |  0.7
Translocations | |  0.7
Transmutations | |  0.7
Fire Magic     | |  0.7
Ice Magic      | |  0.7
Air Magic      | |  0.7
Earth Magic    | |  0.7
Poison Magic   | |  0.7

Action                     || total
---------------------------++-------
  Melee: Falchion          ||    72
         Bite              ||     6
 Invoke: Bend Time         ||     1
 Armour: Scale mail        ||    41
  Dodge: Dodged            ||    43
